 Dungeon Crawl Stone Soup version 0.32-a0-607-g64ea0e4219 (webtiles) character file.

Game seed: 3174006791527127221

203602 nuthulu the Severer (level 17, -3/168 HPs)
             Began as a Minotaur Fighter on Mar 3, 2024.
             Was the Champion of Okawaru.
             Slain by a salamander
             ... wielding a +2 glaive
              (4 damage)
             ... on level 4 of the Snake Pit.
             The game lasted 00:56:14 (30717 turns).

nuthulu the Severer (Minotaur Fighter)             Turns: 30717, Time: 00:56:14

Health: -3/168     AC: 43    Str: 28    XL:     17   Next: 98%
Magic:  15/21      EV: 12    Int: 14    God:    Okawaru [******]
Gold:   2586       SH: 24    Dex: 11    Spells: 16/16 levels left

rFire   + . .        w - +9 broad axe of Beyond {venom, rPois Int+4}
rCold   + . .        R - +4 kite shield {rC+}
rNeg    + + +        y - +5 crystal plate armour "Kaplun" {rF+ rN+}
rPois   +            (helmet restricted)
rElec   +            C - +2 cloak
rCorr   .            J - +1 pair of gloves of Usuether {rPois rN++ Int+2}
SInv    +            X - +0 pair of boots
Will    ++...        S - amulet of reflection Stlth
                     M - ring of willpower
HPRegen 0.48/turn    g - ring "Jinolliga" {rElec Int+3 SInv Stlth+}
MPRegen 0.17/turn

%: reflection
@: heroic, finesse-ful, slowed, very slow
A: horns 2, retaliatory headbutt
}: 1/15 runes: decaying
a: Renounce Religion, Heroism, Finesse, Duel


You were on level 4 of the Snake Pit.
You worshipped Okawaru.
Okawaru was exalted by your worship.
You visited 6 branches of the dungeon, and saw 31 of its levels.
You also visited: Ossuary and Ice Cave.

You collected 3256 gold pieces.
You spent 670 gold pieces at shops.

Inventory:

Hand Weapons
 b - a +3 executioner's axe of electrocution
 w - the +9 broad axe of Beyond (weapon) {venom, rPois Int+4}
   (You acquired it on level 5 of the Dungeon)

   Int+4:     It affects your intelligence (+4).
   rPois:     It protects you from poison.
 I - the +7 morningstar of the Eternal Warrior {flame, rC+ Str+2}
   (You found it on level 3 of the Snake Pit)

   Str+2:     It affects your strength (+2).
   rC+:       It protects you from cold.
Missiles
 t - 2 throwing nets (quivered)
Armour
 y - the +5 crystal plate armour "Kaplun" (worn) {rF+ rN+}
   (Okawaru gifted it to you on level 10 of the Dungeon)

   rF+:       It protects you from fire.
   rN+:       It protects you from negative energy.
 C - a +2 cloak (worn)
 J - the +1 pair of gloves of Usuether (worn) {rPois rN++ Int+2}
   (You acquired it on level 7 of the Dungeon)

   Int+2:     It affects your intelligence (+2).
   rPois:     It protects you from poison.
   rN++:      It greatly protects you from negative energy.
 R - a +4 kite shield of cold resistance (worn)
 X - a +0 pair of boots (worn)
Jewellery
 g - the ring "Jinolliga" (right hand) {rElec Int+3 SInv Stlth+}
   (You found it on level 2 of the Dungeon)

   [ring of see invisible]

   Int+3:     It affects your intelligence (+3).
   rElec:     It insulates you from electricity.
   SInv:      It lets you see invisible.
   Stlth+:    It makes you more stealthy.
 i - a +6 ring of dexterity
 n - an amulet of guardian spirit
 M - a ring of willpower (left hand)
 S - an amulet of reflection (around neck)
 U - a ring of protection from cold
 V - a ring of ice
 Y - a ring of resist corrosion
 Z - a ring of willpower
Wands
 r - a wand of flame (123)
 u - a wand of warping (57)
 K - a wand of quicksilver (17)
 L - a wand of polymorph (20)
 P - a wand of paralysis (20)
 Q - a wand of mindburst (13)
 T - a wand of digging (10)
Scrolls
 a - 6 scrolls of immolation
 c - 5 scrolls of fear
 h - 7 scrolls of amnesia
 o - 5 scrolls of torment
 v - 2 scrolls of vulnerability
 z - 13 scrolls of teleportation
 B - a scroll of poison
 D - 3 scrolls of revelation
 E - 5 scrolls of blinking
 G - 21 scrolls of identify
 O - 4 scrolls of fog
 W - a scroll of brand weapon
Potions
 d - 6 potions of might
 e - 5 potions of attraction
 f - 2 potions of heal wounds
 j - 9 potions of curing
 k - 4 potions of enlightenment
 l - a potion of cancellation
 m - 6 potions of lignification
 p - 2 potions of magic
 q - 4 potions of resistance
 s - 2 potions of haste
 x - a potion of invisibility
 A - 3 potions of mutation
 F - 3 potions of berserk rage
 H - 3 potions of ambrosia
 N - 2 potions of brilliance


   Skills:
 + Level 19.3(24.3) Fighting
 + Level 20.1(25.1) Axes
 - Level 19.2(24.2) Armour
 - Level 10.8(15.8) Dodging
 - Level 16.3(21.3) Shields
 - Level 7.1 Invocations


You had 16 spell levels left.
You didn't know any spells.
Your spell library contained the following spells:

 Spells                   Type           Power      Damage    Failure   Level
 Apportation              Tloc           0%         N/A       95%         1
 Freeze                   Ice            0%         1d3       95%         1
 Magic Dart               Conj           0%         1d3       95%         1
 Necrotise                Necr           0%         1d4       95%         1
 Slow                     Hex            0%         N/A       95%         1
 Sting                    Conj/Alch      0%         1d3       95%         1
 Blink                    Tloc           0%         N/A       98%         2
 Ensorcelled Hibernation  Hex/Ice        0%         N/A       98%         2
 Jinxbite                 Hex            0%         N/A       98%         2
 Lesser Beckoning         Tloc           0%         N/A       98%         2
 Mercury Vapours          Alch/Air       0%         N/A       98%         2
 Searing Ray              Conj           0%         2d4       98%         2
 Static Discharge         Conj/Air       0%         3-3/arc   98%         2
 Sublimation of Blood     Necr           0%         N/A       98%         2
 Confusing Touch          Hex            0%         N/A       100%        3
 Dazzling Flash           Conj/Hex       0%         N/A       100%        3
 Frozen Ramparts          Ice            0%         1d1       100%        3
 Gell's Gravitas          Tloc           0%         N/A       100%        3
 Hailstorm                Conj/Ice       0%         3d5       100%        3
 Mephitic Cloud           Conj/Alch/Air  0%         N/A       100%        3
 Passwall                 Erth           0%         N/A       100%        3
 Sigil of Binding         Hex            0%         N/A       100%        3
 Swiftness                Air            0%         N/A       100%        3
 Teleport Other           Tloc           0%         N/A       100%        3
 Vampiric Draining        Necr           0%         2d6       100%        3
 Airstrike                Air            0%         2d(0-16)  100%        4
 Dimensional Bullseye     Hex/Tloc       0%         N/A       100%        4
 Fulminant Prism          Conj/Alch      0%         3d5       100%        4
 Leda's Liquefaction      Alch/Erth      0%         N/A       100%        4
 Passage of Golubria      Tloc           0%         N/A       100%        4
 Petrify                  Alch/Erth      0%         N/A       100%        4
 Alistair's Intoxication  Alch           0%         N/A       100%        5
 Arcjolt                  Conj/Air       0%         1d10      100%        5
 Curse of Agony           Necr           0%         N/A       100%        5
 Irradiate                Conj/Alch      0%         3d11      100%        5
 Lee's Rapid Deconstruct  Erth           0%         3d4*      100%        5
 Metabolic Englaciation   Hex/Ice        0%         N/A       100%        5
 Silence                  Hex/Air        0%         N/A       100%        5
 Yara's Violent Unravell  Hex/Alch       0%         3d3       100%        5
 Bombard                  Conj/Erth      0%         9d1       100%        6
 Dispersal                Tloc           0%         N/A       100%        6
 Plasma Beam              Fire/Air       0%         2x1d10    100%        6
 Ozocubu's Refrigeration  Ice            0%         4d7       100%        7
 Polar Vortex             Ice            0%         N/A       100%        9
 Summon Small Mammal      Summ           Unusable   N/A       N/A         1
 Call Canine Familiar     Summ           Unusable   N/A       N/A         3
 Tukima's Dance           Hex            Unusable   N/A       N/A         3
 Summon Lightning Spire   Summ/Air       Unusable   N/A       N/A         4
 Sculpt Simulacrum        Ice/Alch       Unusable   N/A       N/A         6

Dungeon Overview and Level Annotations

Branches:
Dungeon (15/15)            Temple (1/1) D:5            Lair (5/5) D:8
  Swamp (4/4) Lair:2        Snake (4/4) Lair:2        Slime (0/5) Lair:5
    Orc (2/2) D:9             Elf (0/3) Orc:2        Vaults (0/5) D:13
 Depths (0/4) D:15        Ossuary (visited)           IceCv (visited)

Altars:
Ashenzari
Cheibriados
Dithmenos
Elyvilon
Fedhas
Gozag
Hepliaklqana
Kikubaaqudgha
Makhleb
Nemelex Xobeh
Okawaru
Qazlal
Ru
Sif Muna
Trog
Uskayaw
Vehumet
Wu Jian
Xom
Yredelemnul
Zin
The Shining One
Beogh
Lugonu

Shops:
D:6 *   D:8 =   D:10 :(*?   D:12 *   D:14 (   D:15 !   Orc:2 *([?   Snake:2 ::=

Portals:
Abyss: Lair:5

Annotations:
D:10 1 transporter


Innate Abilities, Weirdness & Mutations

You have a pair of horns on your head.
You reflexively headbutt those who attack you in melee.


Message History

The naga warrior hits you with a +0 flail!
* * * LOW HITPOINT WARNING * * *
The naga warrior constricts you. The anaconda bites you.
* * * LOW HITPOINT WARNING * * *
You feel better.
The anaconda bites you but does no damage.
The salamander hits you but does no damage.
The naga hits you but does no damage.
The naga mage gestures wildly while chanting.
The naga mage seems to speed up.
You block the anaconda's attack. You block the naga warrior's attack.
The naga warrior constricts you. You block the salamander's attack.
The naga spits poison at you.
The splash of poison hits you but does no damage.
You resist. The naga mage barely misses you.
Unknown command.
You slice the naga warrior!!
The naga warrior looks as sick as possible!
The naga warrior is almost dead.
You hit the salamander but do no damage.
The salamander looks as sick as possible!
You closely miss the naga. You slice the anaconda!!
You kill the anaconda!
Okawaru accepts your kill. The naga warrior spits poison at you.
You block the splash of poison... and reflect it back!
The splash of poison hits the naga warrior!
The naga warrior constricts you.
Unknown command.
You slice the naga warrior!!
You kill the naga warrior!
Okawaru accepts your kill.
You slice the naga!!
You kill the naga!
Okawaru accepts your kill.
You barely miss the salamander. You block the naga mage's attack.
The salamander hits you with a +2 glaive!
* * * LOW HITPOINT WARNING * * *
You are engulfed in flames.
You resist.
You die...

## ####
.. ...#
#. #...#
#.##NN..
#N#)N#
#)@<#
#####


You could see a salamander (strong, extremely poisoned), a naga mage (fast,
strong) and 2 nagas.

Vanquished Creatures
  Vashnia (Snake:3)
  2 tentacled monstrosities (Snake:2)
  Gastronok (D:8)
  Aizul (Swamp:2)
  The ghost of casual the Spry, an adept DjAE of Cheibriados (D:15)
  3 thorn hunters
  2 azure jellies (IceCv)
  Donald (Swamp:4)
  A frost giant (D:15)
  A nagaraja (Snake:2)
  The ghost of Protee the Spry, a journeyman DjIE of Makhleb (Lair:5)
  An orc warlord (Orc:1)
  2 eleionomae
  A bunyip (Swamp:4)
  A yaktaur captain (D:13)
  A fire dragon (D:15)
  A shambling mangrove (Swamp:4)
  20 hydras
  A salamander tyrant (Snake:2)
  10 alligators
  4 anacondas
  2 catoblepae (Lair:5)
  5 centaur warriors
  4 boulder beetles
  5 two-headed ogres
  9 death yaks
  4 naga warriors
  7 tengu warriors
  10 naga sharpshooters
  3 orc high priests (Orc:2)
  3 thrashing horrors (Lair:5)
  Urug (Lair:3)
  2 salamander mystics (Snake:2)
  2 skysharks (Lair:4)
  3 sea snakes (Snake:2)
  4 goliath frogs
  12 skeletal warriors
  14 swamp dragons
  Lodul (D:11)
  4 spriggan druids
  2 naga ritualists (Snake:2)
  5 bog bodies
  4 mana vipers
  9 orc knights
  A deep elf pyromancer (D:14)
  11 salamanders
  7 orc sorcerers
  3 ugly things
  6 will-o-the-wisps
  5 cyclopes
  2 large abominations (Lair:5)
  2 moths of wrath (Lair:5)
  3 ice statues (IceCv)
  2 manticores
  7 kobold blastminers (Orc:2)
  3 meliai (D:14)
  A guardian serpent (Snake:4)
  8 elephants
  18 black mambas
  12 cane toads
  A smoke demon (Lair:5)
  7 naga magi
  A cane toad (shapeshifter) (Lair:5)
  An unseen horror (shapeshifter) (D:10)
  7 komodo dragons
  An unseen horror (D:13)
  3 rime drakes
  2 yaktaurs (D:13)
  A freezing wraith (D:14)
  An efreet (D:13)
  2 tengu conjurers
  8 trolls
  2 polar bears (Lair:4)
  12 tyrant leeches
  11 hornets
  Grinder (D:5)
  27 blink frogs
  2 raiju (Lair:5)
  29 slime creatures
  Sigmund (D:6)
  7 spriggans
  2 shadows
  4 vampires
  A spriggan (shapeshifter) (D:14)
  A water elemental (D:14)
  6 wraiths
  6 wyverns
  4 ynoxinuls (Lair:5)
  Grum (D:8)
  69 yaks
  A golden eye (shapeshifter) (Lair:5)
  A human (shapeshifter) (D:15)
  A warg (Orc:1)
  14 vampire mosquitoes
  12 basilisks
  5 small abominations (Lair:5)
  3 steam dragons
  Menkaure (D:4)
  19 swamp worms
  17 nagas
  4 great orb of eyes simulacra (IceCv)
  3 acid dragons
  Duvessa (D:6)
  16 water moccasins
  2 hell hounds (Lair:5)
  12 swamp drakes
  4 ice beasts
  A sky beast (D:7)
  27 orc warriors
  4 black bears
  19 wolves
  17 ogres
  11 centaurs
  3 phantoms
  3 slime creature simulacra (IceCv)
  7 kobold brigands
  Blork the orc (D:5)
  20 bullfrogs
  3 scorpions
  4 glowing shapeshifter simulacra (IceCv)
  7 gnoll sergeants
  14 wights (D:8)
  A burial acolyte (D:7)
  Dowan (D:6)
  18 killer bees
  12 electric eels
  13 howler monkeys
  A jelly (D:7)
  A bombardier beetle (D:7)
  5 bullfrog zombies (Ossuary)
  27 orc priests
  4 sleepcaps
  4 gnoll boudas
  11 hounds
  3 iguanas
  29 orc wizards
  Natasha (twice) (D:2)
  4 shapeshifter simulacra (IceCv)
  A killer bee zombie (Ossuary)
  3 crocodile zombies (Ossuary)
  2 hound zombies (Ossuary)
  10 mummies
  16 gnolls
  2 howler monkey zombies (Ossuary)
  2 adders
  2 white imps (D:5)
  An adder zombie (D:7)
  A ribbon worm (D:2)
  A dart slug (D:2)
  66 orcs
  12 endoplasms
  9 giant cockroaches
  12 hobgoblins
  8 quokkas
  5 ball pythons
  4 ball python zombies (Ossuary)
  8 bats
  6 frilled lizards
  8 goblins
  A goblin zombie (D:7)
  2 jackal zombies (D:7)
  22 kobolds
  A kobold zombie (D:6)
  3 orc zombies (D:6)
  A quokka zombie (D:7)
  4 rats
1090 creatures vanquished.

Vanquished Creatures (others)
  2 bloated husks
  A naga (Snake:3)
  44 foxfires
47 creatures vanquished.

Grand Total: 1137 creatures vanquished

Notes
Turn   | Place    | Note
-------+----------+-------------------------------------------
     0 | D:1      | nuthulu the Minotaur Fighter began the quest for the Orb.
     0 | D:1      | Reached XP level 1. HP: 19/19 MP: 0/0
    49 | D:1      | Reached skill level 3 in Axes
    49 | D:1      | Reached XP level 2. HP: 20/27 MP: 1/1
   606 | D:2      | Reached XP level 3. HP: 34/34 MP: 2/2
   635 | D:2      | Found a radiant altar of Vehumet.
   733 | D:2      | Identified the ring "Jinolliga" {rElec Int+3 SInv Stlth+}
   782 | D:2      | Noticed Natasha
   790 | D:2      | Killed Natasha
   791 | D:2      | Reached skill level 5 in Fighting
   791 | D:2      | Reached skill level 4 in Axes
   791 | D:2      | Reached XP level 4. HP: 37/42 MP: 3/3
   945 | D:2      | Noticed Natasha
   949 | D:2      | Killed Natasha
  1226 | D:3      | Noticed a black bear
  1299 | D:3      | You fall into a shaft and drop 3 floors!
  1374 | D:6      | Reached XP level 5. HP: 33/49 MP: 0/4
  1422 | D:6      | Reached skill level 5 in Axes
  1476 | D:5      | Entered Level 5 of the Dungeon
  1523 | D:4      | Noticed Menkaure
  1523 | D:4      | Noticed a phantom
  1533 | D:5      | Reached XP level 6. HP: 26/58 MP: 1/5
  1660 | D:5      | Reached skill level 6 in Axes
  1702 | D:4      | Killed Menkaure
  1916 | D:3      | Reached skill level 7 in Axes
  1916 | D:3      | Reached XP level 7. HP: 58/66 MP: 3/6
  1934 | D:3      | Found a blossoming altar of Fedhas.
  2643 | D:5      | Reached skill level 8 in Axes
  2736 | D:5      | Reached XP level 8. HP: 58/77 MP: 4/7
  2743 | D:5      | Identified a scroll of acquirement
  2743 | D:5      | Acquired the +9 broad axe of Beyond {venom, rPois Int+4}
  2747 | D:5      | Noticed Blork the orc
  2753 | D:5      | Killed Blork the orc
  2753 | D:5      | Noticed Grinder
  2763 | D:5      | Killed Grinder
  2764 | D:5      | Reached skill level 9 in Axes
  2931 | D:5      | Found a staircase to the Ecumenical Temple.
  2959 | Temple   | Entered the Ecumenical Temple
  2989 | Temple   | Became a worshipper of Warmaster Okawaru
  3266 | D:5      | Found a radiant altar of Vehumet.
  3350 | D:6      | Found Saugiwut's General Store.
  3354 | D:6      | Reached skill level 1 in Invocations
  3387 | D:6      | Bought 2 scrolls of enchant armour for 150 gold pieces
  3417 | D:6      | Reached skill level 10 in Fighting
  3490 | D:6      | Noticed Duvessa
  3493 | D:6      | Noticed Dowan
  3496 | D:6      | Killed Dowan
  3497 | D:6      | Reached XP level 9. HP: 56/86 MP: 5/9
  3499 | D:6      | Killed Duvessa
  3499 | D:6      | Reached * piety under Okawaru
  3500 | D:6      | Reached skill level 10 in Axes
  3740 | D:6      | Noticed Sigmund
  3744 | D:6      | Killed Sigmund
  3744 | D:6      | Noticed a two-headed ogre
  3819 | D:5      | Killed a two-headed ogre
  3819 | D:5      | Reached ** piety under Okawaru
  3820 | D:5      | Reached skill level 11 in Axes
  3989 | D:6      | Reached skill level 5 in Invocations
  4155 | D:6      | Reached XP level 10. HP: 83/97 MP: 11/13
  4306 | D:6      | Reached *** piety under Okawaru
  4681 | D:6      | Reached skill level 12 in Axes
  5069 | D:7      | Found a burning altar of Makhleb.
  5150 | D:7      | Found a sand-covered staircase.
  5157 | Ossuary  | Entered an ossuary
  5194 | Ossuary  | Reached **** piety under Okawaru
  5653 | D:7      | Found an ancient bone altar of Kikubaaqudgha.
  5772 | D:7      | Acquired the +1 pair of gloves of Usuether {rPois rN++
                  | Int+2}
  5989 | D:8      | Reached skill level 13 in Axes
  5993 | D:8      | Found Jutugh's Jewellery Emporium.
  6111 | D:8      | Found a staircase to the Lair.
  6132 | D:8      | Reached XP level 11. HP: 107/107 MP: 15/15
  6149 | D:8      | Reached ***** piety under Okawaru
  6396 | D:8      | Reached skill level 14 in Axes
  6399 | D:8      | Noticed Grum
  6418 | D:8      | Killed Grum
  6709 | D:8      | Noticed Gastronok
  6724 | D:8      | Killed Gastronok
  6724 | D:8      | Received a gift from Okawaru
  6725 | D:8      | Reached skill level 15 in Axes
  6850 | D:9      | Identified the +2 ring mail of Gamer {Regen+ Str+6}
  7037 | D:9      | Reached skill level 16 in Axes
  7238 | D:9      | Found a hide-covered altar of Uskayaw.
  7421 | D:9      | Received a gift from Okawaru
  7443 | D:9      | Found a staircase to the Orcish Mines.
  7646 | D:10     | Entered Level 10 of the Dungeon
  7741 | D:10     | Found Opytz's Book Boutique.
  7752 | D:10     | Reached skill level 17 in Axes
  7755 | D:10     | Noticed a centaur warrior
  7761 | D:10     | Killed a centaur warrior
  7845 | D:10     | Noticed a two-headed ogre
  7861 | D:10     | Reached XP level 12. HP: 115/115 MP: 16/16
  7892 | D:10     | Killed a two-headed ogre
  8061 | D:10     | Found Ihulamm's General Store.
  8065 | D:10     | Reached skill level 18 in Axes
  8135 | D:10     | Found Zeuv Ucu's Antique Weapon Shoppe.
  8183 | D:10     | Found a broken altar of Ashenzari.
  8203 | D:10     | Found a basalt altar of Yredelemnul.
  8432 | D:10     | Noticed a tengu warrior
  8455 | D:10     | Killed a tengu warrior
  8456 | D:10     | Reached skill level 5 in Armour
  8456 | D:10     | Reached skill level 5 in Shields
  8639 | D:10     | Found Tobaj's Magic Scroll Emporium.
  8730 | D:10     | Received a gift from Okawaru
  8734 | D:10     | Reached ****** piety under Okawaru
  8740 | D:10     | Acquired the +5 crystal plate armour "Kaplun" {rF+ rN+}
  8740 | D:10     | Received a gift from Okawaru
  8823 | D:10     | Found a sparkling altar of Nemelex Xobeh.
  8823 | D:10     | Found a transporter.
  8841 | D:10     | Noticed a seven-headed hydra
  8848 | D:10     | Killed a seven-headed hydra
  9041 | Lair:1   | Entered Level 1 of the Lair of Beasts
  9190 | Lair:1   | Acquired a +0 executioner's axe of electrocution
  9190 | Lair:1   | Received a gift from Okawaru
  9311 | Lair:1   | Got Bucsios's Incunabulum of the Foggy Iceberg
  9878 | Lair:1   | Received a gift from Okawaru
  9965 | Lair:2   | Reached XP level 13. HP: 122/122 MP: 17/17
 10009 | Lair:2   | Found a staircase to the Snake Pit.
 10359 | Lair:2   | Found a staircase to the Swamp.
 10601 | Lair:2   | Reached skill level 10 in Armour
 10601 | Lair:2   | Reached skill level 10 in Shields
 10675 | Lair:2   | Found the +7 Kryia's mail coat {PotionHeal*2 rC+}
 11022 | Lair:3   | Received a gift from Okawaru
 11113 | Lair:3   | Noticed Urug
 11119 | Lair:3   | Killed Urug
 12214 | Lair:4   | Received a gift from Okawaru
 12931 | Lair:5   | Entered Level 5 of the Lair of Beasts
 13140 | Lair:5   | Found a transporter.
 13143 | Lair:5   | Noticed Protee's ghost (journeyman DjIE)
 13152 | Lair:5   | Received a gift from Okawaru
 13153 | Lair:5   | Reached XP level 14. HP: 123/129 MP: 18/18
 13407 | Lair:5   | Received a gift from Okawaru
 13479 | Lair:5   | Found a corrupted altar of Lugonu.
 13479 | Lair:5   | Found a one-way gate to the infinite horrors of the Abyss.
 13484 | Lair:5   | Identified the +6 halberd "Padaxt" {pain, Str+3}
 14015 | Lair:5   | Found a transporter.
 14117 | Lair:5   | Killed Protee's ghost
 14125 | Lair:5   | Received a gift from Okawaru
 14127 | Lair:5   | Identified the ring "Waarufe" {Fire Str+3 Int+3 Slay+3}
 14485 | Lair:5   | Found a staircase to the Slime Pits.
 14679 | Orc:1    | Entered Level 1 of the Orcish Mines
 14681 | Orc:1    | Noticed an orc warlord
 14693 | Orc:1    | Killed an orc warlord
 15161 | Orc:1    | Found a frozen archway.
 15166 | Orc:1    | Reached skill level 15 in Armour
 15181 | IceCv    | Entered an ice cave
 15187 | IceCv    | Reached skill level 15 in Shields
 15592 | IceCv    | Received a gift from Okawaru
 15806 | IceCv    | Found a viscous altar of Jiyva.
 15806 | IceCv    | Noticed an azure jelly
 15816 | IceCv    | Killed an azure jelly
 15871 | IceCv    | Noticed an azure jelly
 15880 | IceCv    | Killed an azure jelly
 15899 | IceCv    | Got the ring of Reoquh {^Drain rF- rC+ Will+++ SInv}
 16148 | Orc:2    | Entered Level 2 of the Orcish Mines
 16563 | Orc:2    | Reached XP level 15. HP: 135/135 MP: 19/19
 16631 | Orc:2    | Found a staircase to the Elven Halls.
 16653 | Orc:2    | Found Etoda's General Store.
 16702 | Orc:2    | Received a gift from Okawaru
 16712 | Orc:2    | Found Duagg's Antique Armour Boutique.
 16896 | Orc:2    | Found Miuhuozi's Magic Scroll Boutique.
 16898 | Orc:2    | Found Vuerch's Antique Weapon Emporium.
 17168 | Orc:2    | Bought a polished whip for 270 gold pieces
 17168 | Orc:2    | Identified the +3 whip "Tih Diczai" {elec, rF+ rCorr Dex+2}
                  | (You bought it in a shop on level 2 of the Orcish Mines)
 17457 | D:11     | Reached skill level 1 in Dodging
 17647 | D:11     | Got the Quarto of the Stormy Excursion
 17686 | D:11     | Noticed Lodul
 17697 | D:11     | Killed Lodul
 17907 | D:11     | Identified the +1 leather armour of Light {rN+}
 17960 | D:11     | Found a shimmering blue altar of Sif Muna.
 18299 | D:12     | Received a gift from Okawaru
 18376 | D:12     | Found a broken altar of Ashenzari.
 18743 | D:12     | Found Uvane's Fire Supplies.
 19312 | D:13     | Found a gate to the Vaults.
 19807 | D:13     | Received a gift from Okawaru
 19808 | D:13     | Reached skill level 5 in Dodging
 20455 | D:14     | Identified the +10 dagger of Distant Shores {freeze, rPois
                  | MP+9 Str+3 Dex-3}
 20701 | D:14     | Found Keam's Antique Weapon Emporium.
 20813 | D:14     | Received a gift from Okawaru
 21119 | D:15     | Entered Level 15 of the Dungeon
 21277 | D:15     | Reached XP level 16. HP: 145/147 MP: 20/20
 21321 | D:15     | Found a staircase to the Depths.
 21508 | D:15     | Reached skill level 15 in Fighting
 21585 | D:15     | Found a runed translucent gate.
 21585 | D:15     | Noticed casual's ghost (adept DjAE)
 21586 | D:15     | Found a runed translucent gate.
 21586 | D:15     | Identified the +2 plate armour "Dediegoj" {Will+}
 21587 | D:15     | Found a runed translucent gate.
 21592 | D:15     | Found a roughly hewn altar of Beogh.
 21627 | D:15     | Received a gift from Okawaru
 21650 | D:15     | Killed casual's ghost
 21687 | D:15     | Identified the +12 triple sword of Zin's Hatred {flame,
                  | Will++ Dex+3}
 22070 | D:15     | Found Digiv's Distillery.
 22078 | D:15     | Bought a potion of heal wounds for 50 gold pieces
 22078 | D:15     | Bought a potion of mutation for 80 gold pieces
 22078 | D:15     | Bought a potion of curing for 30 gold pieces
 22078 | D:15     | Bought a potion of curing for 30 gold pieces
 22078 | D:15     | Bought a potion of curing for 30 gold pieces
 22078 | D:15     | Bought a potion of curing for 30 gold pieces
 22429 | Snake:1  | Entered Level 1 of the Snake Pit
 22729 | Snake:1  | Received a gift from Okawaru
 23477 | Snake:2  | Noticed a tentacled monstrosity
 23493 | Snake:2  | Killed a tentacled monstrosity
 23614 | Snake:2  | Noticed a tentacled monstrosity
 23615 | Snake:2  | Noticed a thorn hunter
 24135 | Snake:2  | Received a gift from Okawaru
 24361 | Snake:2  | Killed a thorn hunter
 24393 | Snake:2  | Killed a tentacled monstrosity
 24393 | Snake:2  | Received a gift from Okawaru
 24895 | Snake:2  | Found an iron altar of Okawaru.
 24964 | Snake:2  | Identified the +8 rapier "Yrierha" {elec, rPois rF+ rN+
                  | Will-}
 25040 | Snake:2  | Found Biuwk's Jewellery Shop.
 25040 | Snake:2  | Found Puschuet's Book Shoppe.
 25041 | Snake:2  | Found Ofroud's Book Shoppe.
 25104 | Snake:2  | Reached skill level 10 in Dodging
 25529 | Snake:3  | Noticed Vashnia
 25542 | Snake:3  | Reached XP level 17. HP: 160/160 MP: 13/21
 25564 | Snake:3  | Killed Vashnia
 25564 | Snake:3  | Received a gift from Okawaru
 25655 | Snake:3  | Identified the +7 morningstar of the Eternal Warrior
                  | {flame, rC+ Str+2}
 26646 | Swamp:1  | Entered Level 1 of the Swamp
 27728 | Swamp:2  | Identified the serpent talisman "Kinepeze" {Fly Int+2}
 27728 | Swamp:2  | Noticed Aizul
 27746 | Swamp:2  | Killed Aizul
 28538 | Swamp:3  | Received a gift from Okawaru
 28598 | Swamp:3  | Reached skill level 19 in Axes
 28871 | Swamp:4  | Entered Level 4 of the Swamp
 29853 | Swamp:4  | Received a gift from Okawaru
 29881 | Swamp:4  | Noticed Donald
 29891 | Swamp:4  | Killed Donald
 30243 | Swamp:4  | Reached skill level 20 in Axes
 30251 | Swamp:4  | Got a decaying rune of Zot
 30700 | Snake:4  | Entered Level 4 of the Snake Pit
 30714 | Snake:4  | HP: 6/168 [naga warrior/+0 flail (9)]
 30714 | Snake:4  | HP: 2/168 [anaconda (4)]
 30717 | Snake:4  | Slain by a salamander

Illustrated notes

Levels and vault maps discovered:
D:1:      sevenhm_arrival_forest_fort_small_6, layout_basic,
          minmay_misc_feat_plants, minmay_pentomino_t2
D:2:      layout_rooms, basic_altar, minmay_misc_feat_tiny, minivault_26,
          minmay_divided_ellipse, uniq_natasha
D:3:      layout_rooms, fedhas_altar_3
D:4:      layout_basic, uniq_menkaure
D:5:      layout_rooms, lemuel_coloured_pillars_altar, temple_pool_b,
          uniq_grinder, uniq_blork_the_orc
D:6:      lemuel_castle_with_subvaults [lemuel_castle_interior_carwin_3],
          layout_gridville, serial_shops, shop, minivault_5,
          minmay_mini_ossuary, uniq_duvessa, uniq_sigmund
D:7:      layout_gridville, lemuel_zombie_altar_kikubaaqudgha,
          marbit_many_paths, enter_ossuary_4, minmay_fractal_squares_5
D:8:      hellmonk_ruined_rings, layout_cave_pools, lair_entry_dummy,
          serial_shops, nicolae_shop_trees, grunt_tough_drop, uniq_grum,
          uniq_gastronok
D:9:      layout_roguey, old_standard_altar, david_orc_2
D:10:     nzn_winding_woodlands_medium [nzn_winding_woodlands_5x5_checkerboard,
          nzn_winding_woodlands_5x15_parted, nzn_winding_woodlands_5x5_cross,
          nzn_winding_woodlands_5x5_default,
          nzn_winding_woodlands_center_garden,
          nzn_winding_woodlands_5x5_closed_star,
          nzn_winding_woodlands_5x5_open_star,
          nzn_winding_woodlands_5x15_zeroes, nzn_winding_woodlands_5x5_default],
          layout_loops_ring, grunt_nemelex_the_gamble,
          mainiacjoe_overflow_swirl, serial_shops, nicolae_shop_scrapyard,
          nicolae_stop_n_shop_2, nicolae_lakefront_shop, shop_statue
D:11:     layout_roguey, tgw_sif, uniq_lodul
D:12:     layout_basic, serial_glass, glass_columns_a, glass_columns_c,
          due_unseen_surprise, minmay_strange_pillars, item_on_display_a,
          nicolae_shop_fire_sale [nicolae_sub_dead_trees], minmay_ruined_shrine
D:13:     layout_stronghold, david_vaults_2
D:14:     argonaut_augean_stables, layout_cave_pools, serial_shops,
          nicolae_shop_behind_doors
D:15:     grunt_enter_depths_snipers, layout_irregular_city, serial_shops, shop,
          nrook_campfire, biasface_ghost_orc_armoury
Temple:   compressed_dpeg_circular_temple
Lair:1:   layout_regular_city
Lair:2:   layout_loops_ring, mainiacjoe_swamp_entry_lozenge_pond,
          dummy_snake_entry, serial_rivers, chequers_serial_rivers_micro_a,
          chequers_serial_rivers_micro_d, chequers_serial_rivers_small_a,
          chequers_serial_rivers_small_a, beast_lair_carwin_6
Lair:3:   layout_cave_pods, pdpol_lair_neglected_garden, uniq_urug
Lair:4:   layout_regular_city, lemuel_fruit_fields
Lair:5:   hellmonk_lair_end_abyssal_woods, layout_long_grid,
          dpeg_slime_entry_corner, enter_volcano_3,
          gammafunk_ghost_berserking_beasts, serial_bayou_shore_b
Swamp:1:  layout_basic_swamp, evilmike_swamp_ruin_rubble_2
Swamp:2:  layout_falls_marsh, evilmike_swamp_ruin_house_4, swamp_pool_1_2,
          infiniplex_staircase_pool, uniq_aizul
Swamp:3:  layout_falls_marsh, nicolae_swamp_small_spring
Swamp:4:  swamp, layout_basic_swamp, nicolae_swamp_snake_nest, uniq_donald
Snake:1:  layout_rooms
Snake:2:  onia_ninara_swampy_vault, layout_onion, serial_bayou,
          serial_bayou_shore_b, serial_bayou_crossing, serial_bayou_pond_d,
          serial_bayou_shore_b, serial_bayou_pond_a, serial_bayou_lake_a,
          basic_altar, minmay_shop_grove
Snake:3:  layout_misc_corridors, grunt_megastairs_3, nicolae_integral_box,
          uniq_vashnia
Snake:4:  snake_pit, layout_misc_corridors
Orc:1:    layout_diamond_mine, portal_ice_cave_rime
Orc:2:    st_orc_elflike, layout_diamond_mine

Skill      XL: |  1  2  3  4  5  6  7  8  9 10 11 12 13 14 15 16 17 |
---------------+----------------------------------------------------+-----
Fighting       | 4 5 6 7 8 10 11 13 14 16 19 | 19.3
Axes           | 3 4 5 7 8 9 11 13 17 18 20 | 20.1
Invocations    | 2 5 7 |  7.1
Armour         | 9 12 15 17 19 | 19.2
Shields        | 9 12 15 16 | 16.3
Dodging        | 6 10 | 10.8

Action                     |  1- 3 |  4- 6 |  7- 9 | 10-12 | 13-15 | 16-18 || total
---------------------------+-------+-------+-------+-------+-------+-------++-------
  Melee: War axe           |    74 |    96 |    64 |       |       |       ||   234
         Headbutt          |    11 |    11 |    27 |    80 |   241 |   203 ||   573
         Broad axe         |       |       |    89 |   501 |   953 |   837 ||  2380
         Morningstar       |       |       |       |     4 |       |    60 ||    64
         Whip              |       |       |       |       |    20 |    40 ||    60
 Invoke: Heroism           |       |       |     1 |     2 |     4 |     5 ||    12
         Receive Weapon    |       |       |       |     1 |       |       ||     1
         Receive Armour    |       |       |       |     1 |       |       ||     1
         Finesse           |       |       |       |       |     2 |     5 ||     7
    Use: Scroll            |     7 |     2 |     9 |    14 |     6 |     4 ||    42
         Potion            |       |       |     1 |       |     3 |    11 ||    15
 Armour: Scale mail        |    52 |    81 |   123 |    32 |       |       ||   288
         Plate armour      |       |       |       |   264 |       |       ||   264
         Crystal plate arm |       |       |       |    50 |   555 |   851 ||  1456
  Dodge: Dodged            |    44 |    39 |    68 |    86 |   109 |   189 ||   535
  Block: Buckler           |    16 |    22 |    31 |       |       |       ||    69
         Kite shield       |       |       |    19 |   237 |   852 |  1182 ||  2290
         Reflection        |       |       |       |       |    47 |    80 ||   127

Table legend: (Time is in decaauts)
 A = Elapsed time spent in this place.
 B = Non-inter-level travel time spent in this place.
 C = Inter-level travel time spent in this place.
 D = Time resting spent in this place.
 E = Time spent auto-exploring this place.
 F = Levels seen in this place.
 G = Mean time per level.
                   A        B        C        D        E       F      G
               +--------+--------+--------+--------+--------+-----+--------+
         Total |  30625 |  28370 |   2255 |   4375 |  17331 |  33 |  928.0 |
       Dungeon |  14109 |  13132 |    977 |   1842 |   8011 |  15 |  940.6 |
        Temple |     44 |     30 |     14 |      0 |      0 |   1 |   44.0 |
          Lair |   5799 |   5281 |    518 |    408 |   3870 |   5 | 1159.8 |
         Swamp |   4007 |   3853 |    154 |   1116 |   1869 |   4 | 1001.8 |
     Snake Pit |   3781 |   3464 |    317 |    837 |   1909 |   4 |  945.2 |
  Orcish Mines |   1757 |   1484 |    273 |     36 |   1140 |   2 |  878.5 |
       Ossuary |    329 |    329 |      0 |      0 |    130 |   1 |  329.0 |
      Ice Cave |    796 |    796 |      0 |    136 |    401 |   1 |  796.0 |
               +--------+--------+--------+--------+--------+-----+--------+

Top non-repeatable levels by time:
 Snake:2: 2158 daAuts
  Lair:5: 1571 daAuts
 Swamp:4: 1504 daAuts
     D:6: 1495 daAuts
    D:10: 1416 daAuts
    D:13: 1176 daAuts
  Lair:2: 1136 daAuts
    D:15: 1130 daAuts
     D:8: 1099 daAuts
    D:14: 1085 daAuts
   Orc:2: 1074 daAuts
  Lair:3: 1073 daAuts
  Lair:1: 1025 daAuts
     D:5: 1010 daAuts
 Snake:3: 1004 daAuts
